 Dungeon Crawl Stone Soup version 0.27-a0-1416-g941b2bd30b (webtiles) character file.

Game seed: 5013327778791033704

407 Tocho the Ruffian (level 6, -12/48 HPs)
             Began as a Draconian Transmuter on July 1, 2021.
             Killed by divine providence
             ... invoked by an orc priest
              (14 damage)
             ... on level 6 of the Dungeon.
             The game lasted 00:09:24 (7370 turns).

Tocho the Ruffian (Draconian Transmuter)            Turns: 7370, Time: 00:09:25

Health: -12/48     AC:  9    Str: 13    XL:     6   Next: 57%
Magic:  2/10       EV: 13    Int: 14    God:
Gold:   357        SH:  0    Dex: 12    Spells: 7/11 levels left

rFire    . . .     SeeInvis .     - Unarmed
rCold    . . .     Faith    .   (no shield)
rNeg     . . .     Spirit   .   (armour unavailable)
rPois    .         Reflect  .   (helmet restricted)
rElec    .         Harm     .   (no cloak)
rCorr    .         Rampage  .   n - +2 pair of gloves
Will     .....                  (no boots)
Stlth    ++........             (no amulet)
HPRegen  0.16/turn              (no ring)
MPRegen  0.12/turn              (no ring)

@: wereblooded
A: AC +6, unfitting armour, cold-blooded
a: no special abilities


You were on level 6 of the Dungeon.
You visited 1 branch of the dungeon, and saw 6 of its levels.

You collected 357 gold pieces.

Inventory:

Missiles
 h - 19 poisoned darts
Armour
 n - a +2 pair of gloves (worn)
Magical Staves
 f - a staff of fire
Wands
 j - a wand of flame (40)
Scrolls
 b - 2 scrolls of vulnerability
 c - 2 scrolls of magic mapping {unknown}
 e - a scroll of amnesia
 k - a scroll of blinking {unknown}
 m - a scroll of teleportation
 o - a scroll of identify
Potions
 a - a potion of brilliance
 d - 2 potions of might {unknown}
 g - a potion of resistance {unknown}
 i - 3 potions of mutation {unknown}
 l - a potion of invisibility {unknown}


   Skills:
 + Level 1.8 Fighting
 + Level 0.4 Staves
 + Level 3.7 Dodging
 + Level 1.1 Stealth
 + Level 4.5 Unarmed Combat
 + Level 3.2 Spellcasting
 + Level 1.7 Conjurations
 + Level 2.3 Transmutations
 + Level 0.9 Fire Magic


You had 7 spell levels left.
You knew the following spells:

 Your Spells              Type           Power      Damage    Failure   Level
a - Beastly Appendage     Tmut           16%        N/A       9%          1
b - Wereblood             Tmut           8%         N/A       12%         2
c - Foxfire               Conj/Fire      20%        2x1d5     12%         1

Your spell library contained the following spells:

 Spells                   Type           Power      Damage    Failure   Level
 Conjure Flame            Conj/Fire      5%         6-21      36%         3
 Spider Form              Tmut/Pois      2%         N/A       36%         3
 Dazzling Flash           Conj/Hex       8%         N/A       41%         3
 Inner Flame              Hex/Fire       3%         N/A       45%         3
 Ice Form                 Ice/Tmut       5%         N/A       78%         4
 Iskenderun's Mystic Bla  Conj/Tloc      4%         2d3       83%         4
 Starburst                Conj/Fire      2%         8x6d3     100%        6
 Maxwell's Capacitive Co  Air            1%         ∞         100%        8


Dungeon Overview and Level Annotations

Branches:
Dungeon (6/15)
 Temple: D:4-7

Altars:
Ashenzari
The Shining One


Innate Abilities, Weirdness & Mutations

Your plain brown scales are hard. (AC +6)
You cannot fit into any form of body armour.
You are cold-blooded and may be slowed by cold attacks.


Message History

The hound bites you but does no damage.
You hit the hound.
You feel a bit better.
You kill the hound!
The orc warrior barely misses you.
You hit the orc warrior.
The orc warrior is moderately wounded.
The orc warrior hits you with a +3 short sword!
You hit the orc warrior.
You tail-slap the orc warrior, but do no damage.
The orc warrior is moderately wounded.
The orc warrior hits you with a +3 short sword.
You completely miss the orc warrior.
The orc warrior is moderately wounded.
You howl as the wereblood boils in your veins!
The orc warrior barely misses you.
You completely miss the orc warrior.
The orc warrior is moderately wounded.
Your primal bloodlust is almost over.
The orc warrior hits you with a +3 short sword.
* * * LOW HITPOINT WARNING * * *
You hit the orc warrior but do no damage.
The orc warrior is moderately wounded.
The orc warrior hits you with a +3 short sword.
* * * LOW HITPOINT WARNING * * *
Casting: Wereblood (safe; 12% risk of failure)
Confirm with . or Enter, or press ? or * to list all spells.
Your blood is freshly infused with primal strength!
The orc warrior barely misses you.
You hit the orc warrior but do no damage.
The orc warrior is moderately wounded.
The orc warrior closely misses you.
You hit the orc warrior but do no damage.
The orc warrior is moderately wounded.
The orc warrior hits you with a +3 short sword!
* * * LOW HITPOINT WARNING * * *
A bullfrog skeleton comes into view.
You barely miss the bullfrog skeleton.
The orc priest calls down the wrath of Beogh upon you.
Beogh smites you!
You die...

#...# ....
#... ##..
#... ..#
#Z# #.#
##@# ....
#.o# .#
#.#. #S##
?. ...# #.#
.#.#.#. #o#
......##
#.#
.#.#.#.#.#
#o#
...).....#
#.#
#.#.#.#..##
#.#


You could see an orc warrior, an orc priest, an adder, an orc and a bullfrog
skeleton.

Vanquished Creatures
  A phantom (D:4)
  A hound (D:6)
  5 iguanas
  An orc wizard (D:6)
  A hound skeleton (D:5)
  5 adders
  An ufetubus (D:5)
  An adder skeleton (D:2)
  A worm (D:2)
  2 dart slugs
  6 orcs (D:3)
  6 endoplasms
  3 giant cockroaches (D:4)
  7 goblins
  9 hobgoblins
  4 jackals (D:3)
  7 kobolds
  A quokka (D:4)
  8 ball pythons
  3 bats
  A frilled lizard (D:3)
  2 rats (D:3)
76 creatures vanquished.

Vanquished Creatures (others)
  83 foxfires
83 creatures vanquished.

Grand Total: 159 creatures vanquished

Notes
Turn   | Place    | Note
-------+----------+-------------------------------------------
     0 | D:1      | Tocho the Draconian Transmuter began the quest for the Orb.
     0 | D:1      | Reached XP level 1. HP: 16/16 MP: 3/3
   566 | D:1      | Reached XP level 2. HP: 14/23 MP: 5/5
   569 | D:1      | Learned a level 2 spell: Wereblood
  1568 | D:2      | HP: 1/23 [poisoned by an adder]
  1570 | D:2      | Reached XP level 3. HP: 2/28 MP: 4/6
  2261 | D:2      | Found a faded altar of an unknown god.
  2627 | D:3      | Learned a level 1 spell: Foxfire
  3069 | D:3      | Reached skill level 4 in Unarmed Combat
  3069 | D:3      | Reached XP level 4. HP: 28/35 MP: 4/7
  3969 | D:4      | Found a broken altar of Ashenzari.
  4750 | D:4      | Noticed a phantom
  4784 | D:4      | Killed a phantom
  4785 | D:4      | Reached XP level 5. HP: 5/41 MP: 0/8
  5291 | D:4      | Reached skill level 1 in Stealth
  5918 | D:5      | Entered Level 5 of the Dungeon
  6206 | D:5      | HP: 2/41 [iguana (9)]
  6234 | D:5      | Reached XP level 6. HP: 6/48 MP: 5/10
  6634 | D:5      | Reached skill level 1 in Conjurations
  7190 | D:5      | Found a glowing golden altar of the Shining One.
  7313 | D:6      | Noticed an orc warrior
  7365 | D:6      | HP: 1/48 [orc warrior (8)]
  7370 | D:6      | Killed from afar by an orc priest

Illustrated notes

Levels and vault maps discovered:
D:1:      matt_arrival_diagonals, layout_basic
D:2:      layout_loops_ring, hellmonk_ecumenical_altar_pennies_from_heaven
D:3:      layout_basic, minmay_circle_x
D:4:      layout_basic, evilmike_ruin_ashenzari
D:5:      layout_basic, lemuel_doored_altar
D:6:      layout_rooms, minmay_temple_entry_glass, hex_large

Skill      XL: |  1  2  3  4  5  6 |
---------------+-------------------+-----
Dodging        | 2 3 |  3.7
Unarmed Combat | 4 |  4.5
Stealth        | 1 |  1.1
Spellcasting   | 3 |  3.2
Conjurations   | 1 |  1.7
Fighting       | |  1.8
Staves         | |  0.4
Transmutations | |  2.3
Fire Magic     | |  0.9

Action                   |  1- 3 |  4- 6 || total
-------------------------+-------+-------++-------
Melee: Unarmed           |   169 |   166 ||   335
       Tailslap          |    11 |    22 ||    33
       Headbutt          |     4 |       ||     4
       Kick              |     1 |       ||     1
       Punch             |     3 |     5 ||     8
       Staff             |       |    39 ||    39
 Cast: Beastly Appendage |     3 |       ||     3
       Wereblood         |     5 |     7 ||    12
       Foxfire           |     5 |    49 ||    54
Evoke: Wand              |       |     1 ||     1
  Use: Scroll            |     3 |     5 ||     8
       Potion            |     1 |       ||     1
Armor: Skin              |    49 |    98 ||   147
Dodge: Dodged            |   104 |   159 ||   263

Table legend: (Time is in decaauts)
 A = Elapsed time spent in this place.
 B = Non-inter-level travel time spent in this place.
 C = Inter-level travel time spent in this place.
 D = Time resting spent in this place.
 E = Time spent auto-exploring this place.
 F = Levels seen in this place.
 G = Mean time per level.
                   A        B        C        D        E       F      G
               +--------+--------+--------+--------+--------+-----+--------+
         Total |   7357 |   7312 |     45 |   1289 |   5075 |   6 | 1226.2 |
       Dungeon |   7357 |   7312 |     45 |   1289 |   5075 |   6 | 1226.2 |
               +--------+--------+--------+--------+--------+-----+--------+

Top non-repeatable levels by time:
     D:4: 2335 daAuts
     D:5: 1357 daAuts
     D:1: 1328 daAuts
     D:2: 1154 daAuts
     D:3: 1092 daAuts
     D:6: 89 daAuts
